 Dungeon Crawl Stone Soup version 0.29.0-11-gd7f09526c8 (webtiles) character file.

Game seed: 10590895728844634741

42 LabCoat the Trooper (level 3, 0/33 HPs)
             Began as a Hill Orc Fighter on Sept 4, 2022.
             Slain by a goblin
             ... wielding a +3 dagger
              (4 damage)
             ... on level 2 of the Dungeon.
             The game lasted 00:02:29 (1061 turns).

LabCoat the Trooper (Hill Orc Fighter)              Turns: 1061, Time: 00:02:30

Health: 0/33       AC: 11    Str: 20    XL:     3   Next: 56%
Magic:  3/3        EV:  5    Int:  8    God:
Gold:   61         SH:  4    Dex: 10    Spells: 2/2 levels left

rFire   + . .      SeeInvis .   a - +0 war axe
rCold   x . .      Faith    .   c - +0 buckler
rNeg    . . .      Spirit   .   l - +0 plate armour
rPois   .          Reflect  .   (no helmet)
rElec   .          Harm     .   (no cloak)
rCorr   .          Rampage  .   (no gloves)
Will    .....                   (no boots)
Stlth   ..........              (no amulet)
HPRegen 0.11/turn               j - ring of fire
MPRegen 0.08/turn               (no ring)

@: mighty
A: no striking features
a: no special abilities


You were on level 2 of the Dungeon.
You visited 1 branch of the dungeon, and saw 2 of its levels.

You collected 61 gold pieces.

Inventory:

Hand Weapons
 a - a +0 war axe (weapon)
 f - a +0 mace
Armour
 c - a +0 buckler (worn)
 l - a +0 plate armour (worn)
Jewellery
 e - an amulet of regeneration
 g - a ring of positive energy
 j - a ring of fire (left hand)
Potions
 b - a potion of ambrosia {unknown}
 d - 4 potions of might
 k - a potion of curing


   Skills:
 + Level 4.1 Fighting
 * Level 3.7 Axes
 + Level 3.7 Armour
 + Level 3.6 Shields


You had 2 spell levels left.
You didn't know any spells.
Your spell library was empty.

Dungeon Overview and Level Annotations

Branches:
Dungeon (2/15)

Altars:

Annotations:
D:2 Terence


Message History

The adder is almost dead.
You slash the adder! The adder bites you but does no damage.
Terence closely misses you. The adder bites you but does no damage.
The adder bites you.
You are poisoned.
The adder poisons you! You block Terence's attack.
The adder bites you but does no damage.
You miss the adder.
The adder is almost dead.
You closely miss the adder.
You feel very sick.
The adder bites you but does no damage. x2
Terence hits you but does no damage. You block the adder's attack.
You barely miss the adder.
The adder is almost dead.
You barely miss the adder.
You feel sick. You block the adder's attack. x2
Terence hits you from afar with a +0 trident.
You block the adder's attack. The adder bites you but does no damage.
Terence hits you from afar with a +0 trident.
You miss the adder.
The adder is almost dead.
You miss the adder.
You feel sick.
The adder bites you but does no damage. x2
The adder completely misses you. Terence barely misses you.
The adder bites you but does no damage.
You slash the adder!
You kill the adder!
You hit the adder.
You kill the adder!
You feel sick. You block Terence's attack.
You feel sick.
You are no longer poisoned.
The goblin hits you but does no damage. You block Terence's attack.
You see here an adder corpse.
You barely miss Terence. You hit the goblin but do no damage.
The goblin hits you with a +3 dagger. Terence hits you but does no damage.
The goblin hits you with a +3 dagger. Terence hits you with a +0 trident.
* * * LOW HITPOINT WARNING * * *
You feel very mighty all of a sudden. The goblin hits you with a +3 dagger.
You die...

# ### ... ##.## ###
....>####.#.######.#####
......@@.###......#.....
.....##g## ##.......####
... .... ##.##.......<.
. ..####.#.##.#.#...###
..# #.........#.# # .
#.###.#.#.#.# # #.#
##....#.# # # ##.#.#.# #
#.#.#.# #


You could see Terence and a goblin.

Vanquished Creatures
  2 adders (D:2)
  A dart slug (D:1)
  An endoplasm (D:1)
  4 goblins (D:1)
  5 hobgoblins
  4 kobolds
  3 ball pythons (D:1)
  A frilled lizard (D:1)
21 creatures vanquished.

Notes
Turn   | Place    | Note
-------+----------+-------------------------------------------
     0 | D:1      | LabCoat the Hill Orc Fighter began the quest for the Orb.
     0 | D:1      | Reached XP level 1. HP: 19/19 MP: 1/1
    95 | D:1      | Reached XP level 2. HP: 27/27 MP: 2/2
   479 | D:1      | Found a faded altar of an unknown god.
   598 | D:1      | Reached skill level 4 in Fighting
   978 | D:2      | Reached XP level 3. HP: 30/33 MP: 3/3
  1049 | D:2      | Noticed Terence
  1061 | D:2      | Slain by a goblin

Illustrated notes

Levels and vault maps discovered:
D:1:      dpeg_arrival_round_b, layout_loops_cross,
          hellmonk_ecumenical_altar_slurped_away
D:2:      layout_loops_ring, uniq_terence

Skill      XL: |  1  2 |
---------------+-------+-----
Axes           | 3 |  3.7
Fighting       | 4 |  4.1
Armour         | |  3.7
Shields        | |  3.6

Action                   || total
-------------------------++-------
Melee: War axe           ||    63
  Use: Scroll            ||     4
       Potion            ||     1
Armor: Scale mail        ||    12
       Plate armour      ||    44
Dodge: Dodged            ||    12
Block: Buckler           ||    20
